 Dungeon Crawl Stone Soup version 0.27.1-34-g3ba077fa99 (webtiles) character file.

Game seed: 3030553377019171468

545500 DildoBatman the Earth Mage (level 27, 0/190 HPs)
             Began as a Formicid Conjurer on Jan 12, 2022.
             Was an Initiate of Gozag.
             Slain by a mummy priest (9 damage)
             ... on level 2 of the Tomb of the Ancients on Jan 13, 2022.
             The game lasted 04:05:31 (57314 turns).

DildoBatman the Earth Mage (Formicid Conjurer)     Turns: 57314, Time: 04:05:32

Health: 0/190      AC: 21    Str: 18    XL:     27
Magic:  5/42       EV: 13    Int: 18    God:    Gozag
Gold:   11549      SH:  0    Dex: 24    Spells: 18/50 levels left

rFire    . . .     SeeInvis +   a - +8 demon blade (elec)
rCold    + . .     Faith    .   x - +0 tower shield
rNeg     + + +     Spirit   .   o - +4 troll leather armour
rPois    ∞         Reflect  .   (helmet unavailable)
rElec    +         Harm     .   i - scarf {repulsion}
rCorr    .         Rampage  .   p - +2 pair of gloves
Will     +++..                  s - +0 pair of boots
Stlth    +++++++...             r - amulet of Entrepreneurial Spirit {rElec Regen+ Str+4}
HPRegen  2.41/turn              k - +4 ring of evasion
MPRegen  0.28/turn              c - +6 ring of dexterity

@: lich-form, held, repel missiles
A: draining attack, torment immunity, no potions, permanent stasis, dig shafts
and tunnels, antennae 3, four strong arms, dopey 1, high mp 1, shaggy fur 1,
MP-powered wands
}: 2/15 runes: serpentine, barnacled
a: Dig, Shaft Self, End Transformation, Renounce Religion, Potion Petition, Call
Merchant, Bribe Branch


You were on level 2 of the Tomb of the Ancients.
You worshipped Gozag.
Gozag was extremely pleased with you.
You were an undead lich.
You visited 10 branches of the dungeon, and saw 44 of its levels.
You visited the Abyss 1 time.
You also visited: Ossuary and Bailey.

You collected 22942 gold pieces.
You spent 9511 gold pieces at shops.
You paid 1882 gold pieces to Gozag.

Inventory:

Hand Weapons
 a - a +8 demon blade of electrocution (weapon)
 b - the +9 hunting sling "Featzyd" {flame, Str+4}
   (You found it on level 3 of the Elven Halls)

   Any ammunition fired from it burns those it strikes, dealing additional fire
   damage.
   Str:       It affects your strength (+4).
 d - the +9 battleaxe of Nemelex Xobeh's Scorn {freeze, +Blink rElec rPois}
   (You found it on level 1 of the Shoals)

   It freezes those it strikes, dealing additional cold damage.
   It can also slow down cold-blooded creatures.
   rElec:     It insulates you from electricity.
   rPois:     It protects you from poison.
   +Blink:    It lets you blink.
Missiles
 g - 681 sling bullets
 l - 1680 arrows
 m - 9 throwing nets
 n - 1637 bolts
Armour
 i - a scarf of repulsion (worn)
 o - a +4 troll leather armour (worn)
 p - a +2 pair of gloves (worn)
 s - a +0 pair of boots (worn)
 x - a +0 tower shield (worn)
Magical Staves
 B - a staff of death
Jewellery
 c - a +6 ring of dexterity (right hand)
 k - a +4 ring of evasion (left hand)
 r - the amulet of Entrepreneurial Spirit (around neck) {rElec Regen+ Str+4}
   (You took it off a deep elf blademaster on level 3 of the Elven Halls)

   [amulet of regeneration]

   Str:       It affects your strength (+4).
   rElec:     It insulates you from electricity.
   Regen:     It increases your rate of health regeneration.
 A - a ring of willpower
 H - a +6 ring of intelligence
 J - the ring of Gaos {rElec rPois rF+}
   (You found it on level 9 of the Dungeon)

   [ring of poison resistance]

   rF:        It protects you from fire.
   rElec:     It insulates you from electricity.
   rPois:     It protects you from poison.
 Q - a +4 ring of evasion
 T - a +6 ring of intelligence
Wands
 N - a wand of iceblast (140)
 Z - a wand of acid (25)
Scrolls
 e - a scroll of acquirement
 y - 11 scrolls of immolation
 z - 39 scrolls of identify
 C - 9 scrolls of magic mapping
 D - 7 scrolls of torment
 O - 2 scrolls of summoning
 R - 9 scrolls of amnesia
 X - 7 scrolls of fog
Potions
 h - 6 potions of magic
 q - 6 potions of ambrosia
 t - 3 potions of resistance
 v - 11 potions of brilliance
 E - 33 potions of curing
 I - 6 potions of might
 K - 20 potions of heal wounds
 L - 3 potions of invisibility
 V - 3 potions of mutation
 Y - 7 potions of cancellation
Miscellaneous
 f - a condenser vane (inert)
 w - a box of beasts
 F - a phantom mirror


   Skills:
 - Level 10.0 Fighting
 - Level 14.0 Long Blades
 - Level 14.0 Polearms
 - Level 10.0 Armour
 - Level 7.0 Dodging
 - Level 16.5 Stealth
 - Level 15.0 Shields
 - Level 12.0 Spellcasting
 - Level 6.0 Conjurations
 - Level 20.0 Necromancy
 * Level 17.0 Transmutations
 - Level 6.0 Fire Magic
 - Level 12.7 Ice Magic
 - Level 5.0 Air Magic
 - Level 20.0 Earth Magic
 - Level 5.0 Poison Magic
 - Level 10.0 Evocations


You had 18 spell levels left.
You knew the following spells:

 Your Spells              Type           Power      Damage    Failure   Level
a - Borgnjor's Vile Clut  Necr/Erth      45%        N/A       1%          5
b - Bolt of Magma         Conj/Fire/Erth 24%        4d12      2%          5
c - Dispel Undead         Necr           90%        3d29      1%          4
d - Necromutation         Tmut/Necr      43%        N/A       24%         8
e - Lee's Rapid Deconstr  Erth           35%        3d19*     1%          5
g - Ozocubu's Armour      Ice            54%        N/A       1%          3
z - Sublimation of Blood  Necr           45%        N/A       0%          2

Your spell library contained the following spells:

 Spells                   Type           Power      Damage    Failure   Level
 Beastly Appendage        Tmut           100%       N/A       0%          1
 Pain                     Necr           100%       1d9       0%          1
 Passwall                 Tmut/Erth      55%        N/A       0%          2
 Vampiric Draining        Necr           45%        2d12      0%          3
 Foxfire                  Conj/Fire      100%       2x1d9     1%          1
 Freeze                   Ice            100%       1d11      1%          1
 Magic Dart               Conj           100%       1d8       1%          1
 Sting                    Tmut/Pois      100%       1d8       1%          1
 Corpse Rot               Necr/Air       N/A        N/A       1%          2
 Poisonous Vapours        Pois/Air       56%        N/A       1%          2
 Searing Ray              Conj           64%        3d5       1%          2
 Static Discharge         Conj/Air       30%        N/A       1%          2
 Frozen Ramparts          Ice            100%       1d12      1%          3
 Ignite Poison            Fire/Tmut/Pois 44%        N/A       1%          3
 Animate Armour           Summ/Erth      92%        N/A       1%          4
 Animate Dead             Necr           45%        N/A       1%          4
 Hailstorm                Conj/Ice       44%        3d10      1%          4
 Ice Form                 Ice/Tmut       59%        N/A       1%          4
 Agony                    Necr           90%        N/A       1%          5
 Excruciating Wounds      Necr           45%        N/A       1%          5
 Death Channel            Necr           45%        N/A       1%          6
 Simulacrum               Ice/Necr       40%        N/A       1%          6
 Mephitic Cloud           Conj/Pois/Air  29%        N/A       2%          3
 Alistair's Intoxication  Tmut/Pois      33%        N/A       2%          5
 Summon Ice Beast         Ice/Summ       33%        N/A       5%          4
 Dazzling Flash           Conj/Hex       42%        N/A       6%          3
 Dragon Form              Tmut           32%        N/A       6%          7
 Apportation              Tloc           20%        N/A       8%          1
 Freezing Cloud           Conj/Ice/Air   19%        6-21      8%          5
 Olgreb's Toxic Radiance  Pois           28%        N/A       10%         4
 Call Imp                 Summ           10%        N/A       11%         2
 Eringya's Noxious Bog    Tmut/Pois      25%        N/A       12%         6
 Borgnjor's Revivificati  Necr           45%        N/A       13%         8
 Infestation              Necr           45%        N/A       13%         8
 Iskenderun's Battlesphe  Conj           32%        2d8       17%         5
 Gell's Gravitas          Tloc           5%         N/A       22%         3
 Lesser Beckoning         Tloc           5%         N/A       22%         3
 Summon Guardian Golem    Hex/Summ       10%        N/A       22%         3
 Teleport Other           Tloc           10%        N/A       22%         3
 Fulminant Prism          Conj/Hex       10%        3d9       22%         4
 Iskenderun's Mystic Bla  Conj/Tloc      21%        2d6       22%         4
 Lightning Bolt           Conj/Air       15%        1d29      22%         5
 Ozocubu's Refrigeration  Ice            27%        4d10      32%         7
 Cause Fear               Hex            5%         N/A       58%         4
 Silence                  Hex/Air        9%         N/A       58%         5
 Starburst                Conj/Fire      16%        6d6       67%         6
 Haunt                    Necr/Summ      31%        N/A       71%         7
 Conjure Ball Lightning   Conj/Air       15%        3x3d6     75%         6
 Summon Mana Viper        Hex/Summ       10%        N/A       90%         5
 Death's Door             Necr           45%        N/A       90%         9
 Invisibility             Hex            5%         N/A       100%        6
 Malign Gateway           Summ/Tloc      5%         N/A       100%        7
 Maxwell's Capacitive Co  Air            14%        ∞         100%        8
 Summon Horrible Things   Summ           5%         N/A       100%        8
 Dragon's Call            Summ           5%         N/A       100%        9
 Polar Vortex             Ice            27%        N/A       100%        9
 Swiftness                Air            Unusable   N/A       N/A         3

Dungeon Overview and Level Annotations

Branches:
Dungeon (15/15)            Temple (1/1) D:6            Lair (6/6) D:10
 Shoals (4/4) Lair:2        Snake (4/4) Lair:2        Slime (0/5) Lair:6
    Orc (2/2) D:11            Elf (3/3) Orc:2        Vaults (4/5) D:14
  Crypt (3/3) Vaults:3       Tomb (2/3) Crypt:3      Depths (0/5) D:15
Ossuary (visited)          Bailey (visited)

Altars:
Ashenzari
Cheibriados
Dithmenos
Elyvilon
Fedhas
Gozag
Hepliaklqana
Kikubaaqudgha
Makhleb
Nemelex Xobeh
Okawaru
Qazlal
Ru
Sif Muna
Trog
Uskayaw
Vehumet
Wu Jian
Xom
Yredelemnul
Zin
The Shining One
Beogh

Shops:
D:1 [*   D:2 =   D:7 *   D:11 (*[=?   D:13 [((   Orc:1 !=*   Orc:2 *![(
Elf:3 *   Shoals:4 *   Snake:1 (   Vaults:2 *!*!*

Annotations:
Vaults:2 exclusion: ettin


Innate Abilities, Weirdness & Mutations

You are an undead lich.
Your unarmed attacks are suffused with negative energy.
You are immune to unholy pain and torment.
Your necromantic spells are more powerful.
You are immune to poison.
You cannot drink.
You cannot be hasted, slowed, berserked, paralysed or teleported.
You can dig through walls and to a lower floor.
You have a pair of large antennae on your head. (SInv)
Your four strong arms can wield two-handed weapons with a shield.
You are dopey. (Int -2)
You have an increased reservoir of magic. (+10% MP)
You are covered in fur. (AC +1)
You expend magic power (3 MP) to strengthen your wands.


Message History

The mummy priest is no longer distracted by gold.
The death scarab is no longer distracted by gold.
The red devil is no longer distracted by gold.
The jiangshi claws you.
The jiangshi claws you but does no damage.
The jiangshi misses you.
You riposte.
You hit the jiangshi.
The jiangshi is lightly damaged.
The jiangshi closely misses you. The jiangshi claws you! x2
The necrophage hits you but does no damage.
The wight hits you but does no damage.
The jiangshi claws you but does no damage.
The jiangshi claws you. The mummy priest misses you.
You tear a large gash into the net.
The death scarab is no longer distracted by gold.
The death scarab bites you! The death scarab drains your vigour!
Your stasis prevents you from being slowed.
The jiangshi claws you!
The jiangshi claws you but does no damage.
The jiangshi misses you.
You riposte.
You hit the jiangshi.
The jiangshi is lightly damaged.
The jiangshi claws you! The jiangshi claws you. x2
The red devil hits you but does no damage.
The death scarab bites you but does no damage.
The necrophage closely misses you.
The jiangshi claws you but does no damage.
The jiangshi barely misses you. The wight hits you but does no damage.
The jiangshi claws you! The jiangshi claws you. The mummy priest hits you!
You die...
Your body crumbles into a pile of gold.

*******#***############**********
,^,,*,,^..,#☼§§§§°§§§§#{,,^^,,,*,
,,,,*,,...§#§§ZMB44M§§#4,,,,,,^*,
,,,,*,,....§.ZBVVMV§§§VB.,,,,,^+{
,,,^*,,,...#§.znLzBM§§#..,,^,,^*{
,,,,+^^,.,,#.W§VBzB§§n#,.{{,,^{*,
***+#############################
,,,,#.........../................
^,,,#..[.........................
,,,,#....<.####.........####.....
,,,,#..........###...###.........
,,,,#.............###............
,,,,#....^.......##.##...........


You could see 2 mummy priests, 4 jiangshi, a shadow wraith (summoned,
invisible), a rust devil (summoned), a vampire (summoned), 6 death scarabs, 2
red devils, 2 necrophages, a flying skull (summoned), 2 mummies, 2 wights, a
minotaur simulacrum (summoned) and a stone giant zombie (summoned).

Vanquished Creatures
  Mara (Vaults:2)
  An ancient lich (Abyss:3)
  Mennas (Vaults:2)
  Khufu (Crypt:2)
  19 royal mummies
  The ghost of Roocroe the Impregnable, a veteran MiGl of Hepliaklqana (Crypt:2)
  2 profane servitors (Crypt:3)
  A bone dragon (Crypt:3)
  Jorgrun (D:14)
  4 liches
  4 deep elf blademasters
  2 deep elf master archers (Elf:3)
  3 ancient champions
  An Executioner (Tomb:2)
  3 krakens
  6 sphinxes
  Kirke (Lair:2)
  Polyphemus (Shoals:2)
  Donald (Orc:2)
  A shadow dragon (Vaults:3)
  7 revenants
  2 nagarajas
  2 fire giants
  13 vault wardens
  4 deep elf sorcerers
  Aizul (Shoals:2)
  10 ghouls
  Louise (Shoals:4)
  3 orc warlords
  17 ironbound preservers
  6 deep elf elementalists (Elf:3)
  4 curse skulls
  3 war gargoyles
  5 reapers (Crypt:2)
  The ghost of Onucvo the Cleaver, a journeyman FoFi of Okawaru (D:14)
  13 very ugly things
  A vampire knight (Vaults:3)
  5 deep elf demonologists
  6 deep elf annihilators
  A starcursed mass (Abyss:3)
  4 bennus
  An entropy weaver (Vaults:2)
  Azrael (Orc:2)
  2 dire elephants
  12 eidola
  2 ettins
  4 crystal guardians
  Snorg (Orc:2)
  3 merfolk javelineers
  A fire dragon (Lair:6)
  12 deep elf death magi
  A quicksilver dragon zombie (Crypt:3)
  8 mummy priests
  7 merfolk impalers
  2 deep elf high priests
  A quicksilver dragon skeleton (Tomb:1)
  An ice dragon (Abyss:3)
  3 rakshasas
  7 ironbound thunderhulks
  10 yaktaur captains
  12 hydras
  6 boulder beetles
  4 catoblepae
  4 great orbs of eyes
  3 salamander tyrants (Snake:4)
  6 vault guards
  5 merfolk avatars
  4 alligator snapping turtles
  5 peacekeepers
  10 naga warriors
  5 merfolk aquamancers
  4 satyrs
  5 death knights
  7 centaur warriors
  5 two-headed ogres
  5 ironbound frosthearts
  20 anacondas
  4 ironbound beastmasters
  2 tengu warriors (D:13)
  2 alligators (Snake:4)
  32 death yaks
  A satyr (shapeshifter) (Elf:3)
  3 titan zombies
  9 naga sharpshooters
  11 shock serpents
  11 death scarabs (Tomb:2)
  3 thrashing horrors (Abyss:3)
  Sonja (Lair:4)
  A shock serpent (shapeshifter) (Vaults:1)
  A vampire mage (Crypt:2)
  4 soul eaters
  22 deep elf knights
  8 salamander mystics
  A fire crab (Lair:6)
  34 skeletal warriors
  58 deep trolls
  A spark wasp zombie (Crypt:2)
  4 goliath frogs (Snake:4)
  4 glowing orange brains
  A spatial maelstrom (Abyss:3)
  An anaconda zombie (Crypt:3)
  5 flayed ghosts
  A swamp dragon (Lair:6)
  12 deep elf archers
  18 harpies
  12 lindwurms
  15 sea snakes
  12 naga ritualists
  A shadow dragon zombie (Crypt:3)
  4 wizards
  17 phantasmal warriors
  6 necromancers
  A shadow dragon skeleton (Crypt:2)
  18 ironbound convokers
  A wolf spider zombie (Crypt:3)
  15 mana vipers
  2 fire giant zombies
  24 deep elf zephyrmancers
  8 orc knights
  47 deep elf pyromancers
  3 wolf spiders
  A salamander (shapeshifter) (D:14)
  4 cyclopes
  2 stone giant zombies
  3 orc sorcerers
  2 dire elephant zombies
  23 ugly things
  32 salamanders
  9 manticores
  A will-o-the-wisp (Abyss:3)
  An iron dragon skeleton (Crypt:2)
  11 merfolk sirens
  18 fauns
  Maurice (Orc:1)
  40 black mambas
  6 elephants (Lair:5)
  10 guardian serpents
  8 water nymphs
  20 vault sentinels
  15 naga magi
  An eye of devastation (Lair:6)
  2 torpor snails
  2 gargoyles (D:7)
  An unseen horror (D:7)
  7 rime drakes
  10 cane toads
  An efreet (D:15)
  10 komodo dragons
  29 yaktaurs
  3 kobold demonologists
  8 freezing wraiths
  An ancient zyme (Abyss:3)
  A demonic crawler (Abyss:3)
  15 guardian mummies
  3 hydra zombies
  2 jumping spiders (Crypt:3)
  A queen bee (Lair:4)
  A catoblepas skeleton (D:9)
  7 meliai (Lair:4)
  A purple draconian skeleton (Crypt:2)
  A hellwing (Abyss:3)
  A hornet (D:9)
  29 merfolk
  8 trolls
  8 wind drakes
  A tengu simulacrum (Vaults:3)
  11 polar bears
  An alligator zombie (Crypt:3)
  A hydra skeleton (D:13)
  A meliai zombie (D:12)
  A guardian serpent zombie (Crypt:2)
  An ettin zombie (Vaults:3)
  2 harpy skeletons
  12 dream sheep
  A slime creature (shapeshifter) (D:14)
  A stone giant simulacrum (Vaults:3)
  A human simulacrum (Vaults:3)
  23 slime creatures
  4 raiju
  15 blink frogs
  11 snapping turtles
  4 flying skulls (Tomb:1)
  2 centaur simulacra (D:15)
  An ettin skeleton (Crypt:2)
  2 elf skeletons
  2 air elementals
  A deep troll skeleton (Vaults:3)
  2 vampires
  3 shadows
  11 wraiths
  2 ynoxinuls (Abyss:3)
  An alligator skeleton (Tomb:1)
  4 hogs (Shoals:1)
  3 redbacks (Crypt:3)
  9 ushabtiu
  29 yaks
  A basilisk (Lair:6)
  8 wyverns
  2 fire bats (Abyss:3)
  17 water elementals
  6 fire elementals
  3 chaos spawn (Abyss:3)
  14 vampire mosquitoes
  A neqoxec (Abyss:3)
  3 steam dragons (Lair:6)
  Menkaure (D:6)
  A steam dragon (shapeshifter) (Vaults:2)
  13 wargs
  30 nagas
  A glowing shapeshifter zombie (Crypt:3)
  An acid dragon (D:9)
  15 hell hounds
  9 water moccasins
  2 two-headed ogre skeletons (D:13)
  A floating eye (shapeshifter) (D:15)
  A floating eye (Lair:6)
  2 swamp drakes (Lair:6)
  A gelid demonspawn skeleton (Crypt:2)
  A torturous demonspawn skeleton (Crypt:1)
  2 hornet zombies
  61 orc warriors
  2 swamp dragon zombies (Crypt:3)
  2 ice beasts (D:7)
  A sky beast (D:6)
  13 ogres
  13 black bears
  16 necrophages
  2 manticore zombies
  A snapping turtle zombie (Crypt:3)
  22 centaurs
  An elephant zombie (Crypt:2)
  A manticore skeleton (Crypt:1)
  A snapping turtle skeleton (Crypt:2)
  2 phantoms
  28 wolves
  7 kobold brigands
  3 elf zombies (Crypt:3)
  9 bullfrogs
  4 scorpions
  2 wyvern zombies
  A gnoll sergeant (D:6)
  3 small abominations (Abyss:3)
  3 human skeletons (Vaults:3)
  3 cyclops zombies
  A water moccasin zombie (D:5)
  4 earth elementals
  2 water moccasin skeletons
  8 wyvern skeletons (Crypt:3)
  2 cyclops skeletons
  A yak zombie (D:15)
  A queen bee zombie (Crypt:2)
  A troll zombie (Crypt:3)
  42 killer bees
  5 wights (D:8)
  8 howler monkeys
  11 electric eels
  A bullfrog zombie (D:6)
  A lava snake (Snake:1)
  3 centaur zombies
  3 bullfrog skeletons
  7 centaur skeletons
  2 hounds
  2 gnoll shamans (D:9)
  22 orc priests
  3 jellies
  A basilisk skeleton (D:9)
  A black bear skeleton (D:15)
  5 iguanas
  23 orc wizards
  Ijyb (D:5)
  9 hell rats (Lair:4)
  An acid dragon skeleton (D:12)
  A demigod skeleton (Crypt:1)
  A hound zombie (D:5)
  An ogre skeleton (D:14)
  A hound skeleton (D:4)
  53 mummies
  3 howler monkey zombies
  7 adders
  27 gnolls
  2 howler monkey skeletons
  5 orc zombies
  A river rat (Lair:4)
  A shadow imp (D:7)
  A white imp (D:7)
  An adder zombie (D:12)
  2 iguana skeletons
  A worm (D:2)
  5 dart slugs
  123 orcs
  3 ball pythons
  3 endoplasms
  3 giant cockroaches
  21 goblins
  11 hobgoblins
  9 jackals
  3 quokkas
  A ball python skeleton (D:15)
  A ball python zombie (D:14)
  3 bats
  A dart slug zombie (D:12)
  2 frilled lizards
  A frilled lizard skeleton (D:13)
  6 gnoll skeletons
  A goblin skeleton (D:13)
  A hobgoblin skeleton (D:15)
  A hobgoblin zombie (D:12)
  19 kobolds
  6 kobold skeletons
  A kobold zombie (Crypt:1)
  17 orc skeletons
  8 rats
  12 tentacles
2195 creatures vanquished.

Vanquished Creatures (collateral kills)
  A guardian mummy (Tomb:2)
  A mummy (Tomb:2)
2 creatures vanquished.

Vanquished Creatures (others)
  A kraken (Shoals:3)
  22 dancing weapons
  A deep elf zephyrmancer (Elf:1)
  An orc (D:14)
  4 foxfires (Abyss:3)
  31 fungi
  153 plants
  93 tentacles
  6 withered plants (Crypt:3)
312 creatures vanquished.

Grand Total: 2509 creatures vanquished

Notes
Turn   | Place    | Note
-------+----------+-------------------------------------------
     0 | D:1      | DildoBatman the Formicid Conjurer began the quest for the
                  | Orb.
     0 | D:1      | Reached XP level 1. HP: 13/13 MP: 3/3
   170 | D:1      | Reached XP level 2. HP: 19/19 MP: 3/5
   173 | D:1      | Learned a level 2 spell: Searing Ray
   402 | D:1      | Reached XP level 3. HP: 22/24 MP: 6/6
   423 | D:1      | Learned a level 3 spell: Mephitic Cloud
   455 | D:1      | Found Ange's Armour Shoppe.
   710 | D:1      | Found Bulamuih's General Store.
   984 | D:2      | Found a faded altar of an unknown god.
  1164 | D:2      | Reached XP level 4. HP: 30/30 MP: 2/7
  1168 | D:2      | Found Wittank's Jewellery Shop.
  1326 | D:2      | Reached skill level 5 in Conjurations
  1501 | D:2      | Reached XP level 5. HP: 34/35 MP: 2/9
  2488 | D:4      | Noticed an ogre
  2501 | D:4      | Killed an ogre
  2502 | D:4      | Reached XP level 6. HP: 41/41 MP: 4/11
  2653 | D:4      | Found a snail-covered altar of Cheibriados.
  2828 | D:4      | Reached XP level 7. HP: 31/46 MP: 8/13
  3212 | D:5      | Entered Level 5 of the Dungeon
  3253 | D:5      | Reached skill level 5 in Spellcasting
  3404 | D:5      | Found a burning altar of Makhleb.
  3404 | D:5      | Noticed a cacodemon
  3407 | D:5      | Noticed an orange demon
  3407 | D:5      | Noticed a neqoxec
  3572 | D:5      | Reached XP level 8. HP: 29/52 MP: 6/18
  3651 | D:5      | Found a bloodstained altar of Trog.
  3652 | D:5      | Noticed Ijyb
  3679 | D:5      | Reached skill level 1 in Fighting
  3679 | D:5      | Reached skill level 1 in Armour
  4137 | D:5      | Found a white marble altar of Elyvilon.
  4175 | D:5      | Found a stormy altar of Qazlal.
  4194 | D:5      | Noticed Menkaure
  4267 | D:5      | Found a hide-covered altar of Uskayaw.
  4420 | D:6      | Found a staircase to the Ecumenical Temple.
  4425 | Temple   | Entered the Ecumenical Temple
  4511 | D:6      | Found a shimmering blue altar of Sif Muna.
  4514 | D:6      | Identified the +2 ring mail of Hoocei {Dex+4}
  4603 | D:6      | Found a sand-covered staircase.
  4608 | Ossuary  | Entered an ossuary
  4608 | Ossuary  | Noticed a wraith
  4608 | Ossuary  | Noticed a wraith
  4608 | Ossuary  | Noticed a wraith
  4660 | Ossuary  | Noticed a wraith
  4801 | Ossuary  | Killed a wraith
  4899 | D:7      | Found an ancient bone altar of Kikubaaqudgha.
  4904 | D:7      | Became a worshipper of Kikubaaqudgha
  5046 | D:6      | Killed Menkaure
  5047 | D:6      | Reached skill level 1 in Poison Magic
  5047 | D:6      | Reached XP level 9. HP: 61/66 MP: 14/19
  5054 | D:5      | Killed Ijyb
  5444 | D:6      | Reached skill level 1 in Air Magic
  5503 | D:6      | Reached * piety under Kikubaaqudgha
  5503 | D:6      | Received a gift from Kikubaaqudgha
  5507 | D:6      | Learned a level 2 spell: Sublimation of Blood
  5511 | D:6      | Learned a level 3 spell: Vampiric Draining
  5533 | D:6      | Reached skill level 5 in Fighting
  5533 | D:6      | Reached skill level 5 in Armour
  5533 | D:6      | Reached skill level 1 in Necromancy
  6033 | D:7      | Found Gozag's Platinum Reserve.
  6213 | D:7      | Reached skill level 5 in Poison Magic
  6428 | D:7      | Reached skill level 1 in Shields
  6428 | D:7      | Reached XP level 10. HP: 53/74 MP: 11/20
  6429 | D:7      | Reached ** piety under Kikubaaqudgha
  6503 | D:7      | Found an opulent altar of Gozag.
  7030 | D:7      | Noticed a death knight
  7093 | D:7      | Noticed a gargoyle
  7135 | D:7      | Killed a gargoyle
  7136 | D:7      | Reached skill level 5 in Necromancy
  7152 | D:7      | Noticed an unseen horror
  7243 | D:7      | Killed an unseen horror
  7244 | D:7      | Reached skill level 5 in Air Magic
  7276 | D:7      | Noticed a gargoyle
  7299 | D:7      | Killed a gargoyle
  7891 | D:8      | Reached *** piety under Kikubaaqudgha
  7891 | D:8      | Received a gift from Kikubaaqudgha
  7951 | D:8      | Learned a level 4 spell: Dispel Undead
  7957 | D:8      | Learned a level 5 spell: Borgnjor's Vile Clutch
  8357 | D:9      | Reached XP level 11. HP: 71/79 MP: 9/21
  8382 | D:9      | Reached skill level 1 in Earth Magic
  8622 | D:9      | Found an ornate altar of the Wu Jian Council.
  8785 | D:9      | Identified the ring of Gaos {rElec rPois rF+}
  8801 | D:9      | Noticed a rakshasa
  9004 | D:10     | Entered Level 10 of the Dungeon
  9092 | D:10     | Noticed a two-headed ogre
  9265 | D:10     | Killed a two-headed ogre
  9282 | D:10     | Found a sparkling altar of Nemelex Xobeh.
  9431 | D:10     | Reached skill level 5 in Earth Magic
  9501 | D:10     | Reached **** piety under Kikubaaqudgha
  9756 | D:10     | Found a staircase to the Lair.
 10075 | D:11     | Found a staircase to the Orcish Mines.
 10226 | D:11     | Found Fotuer's Magic Scroll Shoppe.
 10229 | D:11     | Bought a scroll of amnesia for 38 gold pieces
 10229 | D:11     | Bought a scroll of fog for 22 gold pieces
 10306 | D:11     | Found Wogeofov's Jewellery Shoppe.
 10306 | D:11     | Noticed a centaur warrior
 10318 | D:11     | Killed a centaur warrior
 10388 | D:11     | Bought a scroll of enchant armour for 82 gold pieces
 10630 | D:11     | Found Johecuog's Antique Armour Shop.
 10640 | D:11     | Found Nuoqej's Assorted Antiques.
 10650 | D:11     | Bought a scroll of enchant armour for 232 gold pieces
 10650 | D:11     | Bought a scroll labelled ANKYGESIKHLI for 31 gold pieces
 10650 | D:11     | Bought a scroll labelled YTODOG MAECA for 31 gold pieces
 10650 | D:11     | Bought a scroll labelled GOACHO KAEGYA for 31 gold pieces
 10650 | D:11     | Bought a bubbling sapphire potion for 27 gold pieces
 10683 | D:11     | Found Aprim's Weapon Emporium.
 10727 | D:11     | Reached skill level 5 in Shields
 10727 | D:11     | Reached XP level 12. HP: 58/86 MP: 16/22
 10813 | D:11     | Noticed a two-headed ogre
 10815 | D:11     | Reached ***** piety under Kikubaaqudgha
 10815 | D:11     | Killed a two-headed ogre
 10892 | Orc:1    | Entered Level 1 of the Orcish Mines
 10892 | Orc:1    | Found Yde Tats's Jewellery Shoppe.
 10985 | Orc:1    | Found Coschish's General Store.
 11096 | Orc:1    | Noticed Maurice
 11104 | Orc:1    | Killed Maurice
 11305 | Orc:1    | Found Vuigaivu's Distillery.
 11328 | Orc:1    | Bought a potion of mutation for 128 gold pieces
 11432 | Orc:1    | Gained mutation: You have sharp toenails. [potion of
                  | mutation]
 11516 | Orc:1    | Reached skill level 10 in Shields
 11573 | Orc:2    | Entered Level 2 of the Orcish Mines
 11622 | Orc:2    | Noticed an orc warlord
 11689 | Orc:2    | Noticed Azrael
 11710 | Orc:2    | Killed Azrael
 11793 | Orc:2    | Reached ****** piety under Kikubaaqudgha
 12049 | Orc:2    | Killed an orc warlord
 12066 | Orc:2    | Received a gift from Kikubaaqudgha
 12070 | Orc:2    | Fell from the grace of Kikubaaqudgha
 12266 | D:7      | Became a worshipper of Gozag Ym Sagoz the Greedy
 12328 | D:6      | Killed a death knight
 12329 | D:6      | Reached XP level 13. HP: 48/91 MP: 12/23
 12606 | D:9      | You fall into a shaft and drop 3 floors!
 12781 | D:12     | Found a flagged portal.
 12796 | Bailey   | Entered a bailey
 13002 | Bailey   | Found an iron altar of Okawaru.
 13365 | Bailey   | Identified the +4 spear of the Lettuce {venom, rN+ Str+3
                  | SInv}
 14037 | D:12     | Noticed a four-headed hydra
 14055 | D:12     | Killed a four-headed hydra
 14211 | D:12     | Noticed a centaur warrior
 14216 | D:12     | Killed a centaur warrior
 14217 | D:12     | Reached skill level 15 in Shields
 14557 | D:13     | Noticed a boulder beetle
 14565 | D:13     | Killed a boulder beetle
 14648 | D:13     | Identified the +4 war axe of Lust {vorpal, Int+2 Stlth+}
 14654 | D:13     | Found Qoleppec's Antique Armour Boutique.
 14736 | D:13     | Found Gawat's Weapon Shoppe.
 14928 | D:13     | Noticed a rakshasa
 14952 | D:13     | Killed a rakshasa
 15335 | D:13     | Found Danacusu's Antique Weapon Boutique.
 15547 | D:14     | Noticed a centaur warrior
 15551 | D:14     | Reached XP level 14. HP: 78/101 MP: 7/24
 15567 | D:14     | Noticed Jorgrun
 15570 | D:14     | You fall into a shaft and drop 1 floor!
 15570 | D:15     | Entered Level 15 of the Dungeon
 15764 | D:15     | Reached skill level 5 in Dodging
 15808 | D:15     | Reached skill level 10 in Earth Magic
 16596 | D:15     | Found a staircase to the Depths.
 16952 | D:14     | Killed Jorgrun
 17106 | D:14     | Noticed Onucvo's ghost (journeyman FoFi)
 17263 | D:14     | Found a shadowy altar of Dithmenos.
 17329 | D:14     | Reached XP level 15. HP: 101/110 MP: 16/25
 17486 | D:14     | Found a gate to the Vaults.
 17566 | D:14     | Found a runed translucent gate.
 17570 | D:14     | Found a runed translucent gate.
 17570 | D:14     | Found an iron altar of Okawaru.
 17570 | D:14     | Found a runed translucent gate.
 17849 | D:14     | Killed Onucvo's ghost
 18194 | Orc:2    | Noticed Snorg
 18210 | Orc:2    | Killed Snorg
 18214 | Orc:2    | Noticed an orc warlord
 18277 | Orc:2    | Killed an orc warlord
 18278 | Orc:2    | Reached skill level 10 in Fighting
 18278 | Orc:2    | Reached skill level 10 in Armour
 18293 | Orc:2    | Noticed Donald
 18317 | Orc:2    | Killed Donald
 18388 | Orc:2    | Found a staircase to the Elven Halls.
 18686 | Orc:2    | Found a shimmering altar of Xom.
 18806 | Orc:2    | Found Hupnuru's Distillery.
 18806 | Orc:2    | Found Emyeshru's Armour Shoppe.
 18808 | Orc:2    | Found Yddaunu Sipi's Weapon Emporium.
 18810 | Orc:2    | Found Wongubat's Assorted Antiques.
 18822 | Orc:2    | Bought a potion of mutation for 216 gold pieces
 18822 | Orc:2    | Bought a scroll of identify for 54 gold pieces
 18822 | Orc:2    | Bought a scroll of identify for 54 gold pieces
 18822 | Orc:2    | Bought a scroll of identify for 54 gold pieces
 18822 | Orc:2    | Bought a scroll labelled HEIPLA KEZOE for 27 gold pieces
 18822 | Orc:2    | Bought a scroll labelled LIR FYMUMOYWICAA for 27 gold
                  | pieces
 18945 | Orc:2    | Was forgiven by Kikubaaqudgha
 18975 | Orc:2    | Bought a potion of curing for 42 gold pieces
 18975 | Orc:2    | Bought a potion of experience for 700 gold pieces
 18975 | Orc:2    | Bought a potion of cancellation for 112 gold pieces
 18975 | Orc:2    | Bought a potion of curing for 42 gold pieces
 18975 | Orc:2    | Bought a potion of heal wounds for 70 gold pieces
 18975 | Orc:2    | Bought a potion of heal wounds for 70 gold pieces
 19039 | Orc:2    | Lost mutation: You have sharp toenails. [potion of
                  | mutation]
 19039 | Orc:2    | Gained mutation: You are dopey. (Int -2) [potion of
                  | mutation]
 19039 | Orc:2    | Gained mutation: You have an increased reservoir of magic.
                  | (+10% MP) [potion of mutation]
 19039 | Orc:2    | Gained mutation: You are covered in fur. (AC +1) [potion of
                  | mutation]
 19039 | Orc:2    | Gained mutation: You evolve. [potion of mutation]
 19076 | Orc:1    | Bought a scroll of identify for 22 gold pieces
 19076 | Orc:1    | Bought a scroll of identify for 22 gold pieces
 19076 | Orc:1    | Bought a potion of curing for 33 gold pieces
 19122 | Orc:1    | Bought a potion of ambrosia for 128 gold pieces
 19122 | Orc:1    | Bought a potion of magic for 128 gold pieces
 19122 | Orc:1    | Bought a potion of curing for 48 gold pieces
 19122 | Orc:1    | Bought a potion of curing for 48 gold pieces
 19188 | D:11     | Bought a scroll of identify for 22 gold pieces
 19188 | D:11     | Bought a scroll of identify for 22 gold pieces
 19188 | D:11     | Bought a scroll of identify for 22 gold pieces
 19249 | D:11     | Bought 2 scrolls of identify for 124 gold pieces
 19499 | D:1      | Bought a potion of heal wounds for 55 gold pieces
 19499 | D:1      | Bought a wand of iceblast (5) for 99 gold pieces
 19505 | D:1      | Learned a level 5 spell: Bolt of Magma
 19537 | D:1      | Gained mutation: You expend magic power (3 MP) to
                  | strengthen your wands. [evolution]
 19537 | D:1      | Lost mutation: You evolve. [end of evolution]
 19791 | D:9      | Found an iron altar of Okawaru.
 19995 | D:9      | Reached skill level 1 in Fire Magic
 20160 | D:9      | Reached skill level 10 in Necromancy
 20160 | D:9      | Reached XP level 16. HP: 122/122 MP: 30/30
 20221 | Lair:1   | Entered Level 1 of the Lair of Beasts
 21033 | Lair:2   | Found a staircase to the Shoals.
 21066 | Lair:2   | Found a staircase to the Snake Pit.
 21172 | Lair:2   | Reached skill level 5 in Fire Magic
 21286 | Lair:2   | Reached XP level 17. HP: 109/128 MP: 18/31
 22646 | Lair:4   | Noticed Sonja
 22652 | Lair:4   | Killed Sonja
 23391 | Lair:4   | Reached skill level 15 in Earth Magic
 25006 | Lair:6   | Entered Level 6 of the Lair of Beasts
 25288 | Lair:6   | Identified the +2 chain mail "Zithres" {rC+++ Will+ Regen+
                  | Dex-3}
 25384 | Lair:6   | Found a staircase to the Slime Pits.
 25398 | Lair:6   | Reached XP level 18. HP: 101/134 MP: 19/33
 27050 | Snake:1  | Entered Level 1 of the Snake Pit
 27135 | Snake:1  | Found Coaluo's Antique Weapon Shoppe.
 28603 | Snake:2  | Reached XP level 19. HP: 112/140 MP: 24/34
 30158 | Snake:3  | Reached skill level 10 in Spellcasting
 30596 | Snake:4  | Entered Level 4 of the Snake Pit
 31618 | Snake:4  | Identified the +1 chain mail "Luodic" {Fly rF+ Str+4}
 31850 | Snake:4  | Reached XP level 20. HP: 137/147 MP: 23/39
 32482 | Snake:4  | Reached skill level 15 in Necromancy
 32632 | Snake:4  | Got a serpentine rune of Zot
 33015 | Shoals:1 | Entered Level 1 of the Shoals
 33570 | Shoals:1 | Noticed Kirke
 33997 | Shoals:1 | Identified the +9 battleaxe of Nemelex Xobeh's Scorn
                  | {freeze, +Blink rElec rPois}
 34454 | Lair:2   | Killed Kirke
 34634 | Shoals:2 | Noticed Polyphemus
 34694 | Shoals:2 | Killed Polyphemus
 35096 | Shoals:2 | Noticed Aizul
 35107 | Shoals:2 | Killed Aizul
 35382 | Shoals:3 | Reached XP level 21. HP: 130/153 MP: 9/40
 36651 | Shoals:4 | Entered Level 4 of the Shoals
 36701 | Shoals:4 | Found Iyufitay's Incredible Inventory.
 36706 | Shoals:4 | Noticed Louise
 36727 | Shoals:4 | Killed Louise
 36952 | Shoals:4 | Got a barnacled rune of Zot
 37250 | Shoals:4 | Identified the +3 spear of Poverty {pain, rPois}
 37651 | Shoals:4 | Got the Volume of Creative Conjuration
 38582 | D:1      | Bought a scroll of enchant weapon for 82 gold pieces
 38582 | D:1      | Bought a scroll of enchant weapon for 82 gold pieces
 38843 | D:10     | Learned a level 8 spell: Necromutation
 38942 | Elf:1    | Entered Level 1 of the Elven Halls
 38989 | Orc:2    | Reached skill level 1 in Evocations
 38990 | Orc:2    | Reached skill level 1 in Polearms
 39044 | Elf:1    | Cast into level 3 of the Abyss (a deep elf demonologist)
 39288 | Abyss:3  | Reached skill level 5 in Stealth
 39432 | Abyss:3  | Noticed an ancient lich
 39440 | Abyss:3  | Killed an ancient lich
 39445 | Elf:1    | Escaped the Abyss
 39668 | Elf:1    | Reached XP level 22. HP: 152/157 MP: 23/41
 40057 | Elf:1    | Reached skill level 5 in Polearms
 40773 | Elf:2    | Found a runed translucent gate.
 40780 | Elf:2    | Found a runed translucent gate.
 40780 | Elf:2    | Found a runed translucent gate.
 41256 | Elf:2    | Reached skill level 10 in Polearms
 41576 | Elf:3    | Entered Level 3 of the Elven Halls
 41776 | Elf:3    | Identified the +9 hunting sling "Featzyd" {flame, Str+4}
 41789 | Elf:3    | Found Siyp's General Store.
 41976 | Elf:3    | Bought a scroll of identify for 36 gold pieces
 41976 | Elf:3    | Bought a scroll of identify for 36 gold pieces
 41976 | Elf:3    | Bought a scroll of enchant armour for 135 gold pieces
 41987 | Elf:3    | Reached XP level 23. HP: 156/165 MP: 31/42
 42620 | Elf:3    | Found the necklace of Bloodlust {*Rage +Rage Will++ Int-3
                  | Slay+6}
 42657 | Elf:3    | Identified the amulet of Entrepreneurial Spirit {rElec
                  | Regen+ Str+4}
 42674 | Elf:3    | Got Ypsa Kel's Almanac of Lightness
 42742 | Elf:3    | Identified the ring "Jikiydgho" {rPois rCorr Str+3}
 42768 | Elf:3    | Identified the +7 mace "Impbane" {freeze, rElec rCorr
                  | Int-4}
 43302 | Orc:1    | Bought a manual of Stealth for 880 gold pieces
 43467 | Shoals:4 | Bought a manual of Ice Magic for 1360 gold pieces
 43467 | Shoals:4 | Bought a wand of iceblast (9) for 221 gold pieces
 43467 | Shoals:4 | Bought a scroll of identify for 34 gold pieces
 43467 | Shoals:4 | Bought a scroll of immolation for 59 gold pieces
 43467 | Shoals:4 | Bought a book of Ice for 782 gold pieces
 43467 | Shoals:4 | Bought a potion of invisibility for 136 gold pieces
 43640 | D:10     | Learned a level 3 spell: Ozocubu's Armour
 43741 | Vaults:1 | Entered Level 1 of the Vaults
 43766 | Vaults:1 | Reached skill level 1 in Ice Magic
 44003 | Vaults:1 | Reached skill level 1 in Transmutations
 44975 | Vaults:2 | Reached skill level 10 in Stealth
 45115 | Vaults:2 | Noticed Mara
 45170 | Vaults:2 | Reached skill level 5 in Ice Magic
 45205 | Vaults:2 | Noticed DildoBatman's illusion
 45223 | Vaults:2 | Killed Mara
 45270 | Vaults:2 | Found Coanyn's Assorted Antiques.
 45286 | Vaults:2 | Noticed Mennas
 45328 | Vaults:2 | Killed Mennas
 45329 | Vaults:2 | Reached skill level 5 in Evocations
 45329 | Vaults:2 | Reached XP level 24. HP: 172/172 MP: 9/42
 45356 | Vaults:2 | Bought a scroll of immolation for 136 gold pieces
 45356 | Vaults:2 | Bought a potion of magic for 312 gold pieces
 45356 | Vaults:2 | Bought a potion of heal wounds for 195 gold pieces
 45469 | Vaults:2 | Reached skill level 5 in Transmutations
 46008 | Vaults:2 | Found Sopip's General Store.
 46017 | Vaults:2 | Bought a potion of heal wounds for 85 gold pieces
 46017 | Vaults:2 | Bought a potion of heal wounds for 85 gold pieces
 46017 | Vaults:2 | Bought a potion of cancellation for 136 gold pieces
 46017 | Vaults:2 | Bought a scroll of identify for 34 gold pieces
 46076 | Vaults:2 | Found Secyk Buci's Assorted Antiques.
 46079 | Vaults:2 | Found Kifima's Distillery.
 46082 | Vaults:2 | Bought a potion of ambrosia for 104 gold pieces
 46082 | Vaults:2 | Bought a potion of curing for 39 gold pieces
 46082 | Vaults:2 | Bought a potion of heal wounds for 65 gold pieces
 46088 | Vaults:2 | Bought 2 potions of curing for 276 gold pieces
 46088 | Vaults:2 | Bought a scroll of identify for 92 gold pieces
 46088 | Vaults:2 | Bought a scroll of identify for 92 gold pieces
 46088 | Vaults:2 | Bought a scroll of identify for 92 gold pieces
 46096 | Vaults:2 | Found Xextixuo's Distillery.
 46142 | Vaults:2 | Bought a potion of curing for 51 gold pieces
 46142 | Vaults:2 | Bought a potion of brilliance for 68 gold pieces
 46142 | Vaults:2 | Bought a potion of curing for 51 gold pieces
 46142 | Vaults:2 | Bought a potion of curing for 51 gold pieces
 46142 | Vaults:2 | Bought a potion of curing for 51 gold pieces
 46142 | Vaults:2 | Bought a potion of invisibility for 136 gold pieces
 46142 | Vaults:2 | Bought a potion of heal wounds for 85 gold pieces
 46142 | Vaults:2 | Bought a potion of mutation for 136 gold pieces
 46142 | Vaults:2 | Bought a potion of magic for 136 gold pieces
 46142 | Vaults:2 | Bought a potion of resistance for 170 gold pieces
 46671 | Vaults:3 | Identified the amulet "Pakkege" {Faith Rampage}
 47272 | Vaults:3 | Reached skill level 10 in Ice Magic
 47409 | Vaults:3 | Reached XP level 25. HP: 171/177 MP: 41/42
 47601 | Vaults:3 | Reached skill level 15 in Stealth
 47702 | Vaults:3 | Found a staircase to the Crypt.
 48530 | Vaults:2 | Bought a scroll of enchant weapon for 127 gold pieces
 49096 | Vaults:4 | Reached skill level 1 in Long Blades
 50348 | Crypt:1  | Entered Level 1 of the Crypt
 51478 | Crypt:2  | Reached skill level 10 in Evocations
 51495 | Crypt:2  | Reached skill level 10 in Transmutations
 51725 | Crypt:2  | Found a runed translucent door.
 51725 | Crypt:2  | Noticed Roocroe's ghost (veteran MiGl)
 51735 | Crypt:2  | Killed Roocroe's ghost
 51736 | Crypt:2  | Reached skill level 5 in Long Blades
 51736 | Crypt:2  | Reached XP level 26. HP: 183/184 MP: 27/42
 52104 | Crypt:2  | Noticed Khufu
 52441 | Crypt:2  | Killed Khufu
 52542 | Crypt:3  | Entered Level 3 of the Crypt
 53340 | Crypt:3  | Found a basalt altar of Yredelemnul.
 53540 | Crypt:3  | Got the Almanac of Black Secrets
 53676 | Crypt:3  | Got Liur Idi's Catalogue of Clay and Shape Shifting
 53677 | Crypt:3  | Identified the +1 arbalest "Poarr" {elec, *Corrode rN+
                  | Str+4 SInv}
 54120 | Crypt:3  | Found a staircase to the Tomb.
 54401 | Crypt:3  | Reached skill level 10 in Long Blades
 54440 | Crypt:3  | Identified the amulet "Odusof" {Faith rC+ Dex+2}
 54472 | Crypt:3  | Learned a level 5 spell: Lee's Rapid Deconstruction
 54558 | Tomb:1   | Entered Level 1 of the Tomb of the Ancients
 55271 | Tomb:1   | Reached XP level 27. HP: 152/190 MP: 33/42
 55721 | Tomb:2   | Noticed a royal mummy
 55724 | Tomb:2   | Noticed a royal mummy
 55732 | Tomb:2   | Noticed a royal mummy
 55732 | Tomb:2   | Noticed a royal mummy
 55734 | Tomb:2   | Killed a royal mummy
 56020 | Tomb:2   | Killed a royal mummy
 56020 | Tomb:2   | Killed a royal mummy
 56021 | Tomb:2   | Killed a royal mummy
 56522 | Tomb:1   | Noticed a royal mummy
 56525 | Tomb:1   | Noticed a royal mummy
 56525 | Tomb:1   | Noticed a royal mummy
 56531 | Tomb:1   | Noticed a royal mummy
 56538 | Tomb:1   | Killed a royal mummy
 56539 | Tomb:1   | Reached skill level 15 in Transmutations
 56546 | Tomb:1   | Killed a royal mummy
 56554 | Tomb:1   | Killed a royal mummy
 56559 | Tomb:1   | Killed a royal mummy
 56559 | Tomb:1   | Noticed a royal mummy
 56571 | Tomb:1   | Killed a royal mummy
 56626 | Tomb:1   | Noticed a royal mummy
 56646 | Tomb:1   | Killed a royal mummy
 56663 | Tomb:1   | Noticed a royal mummy
 56669 | Tomb:1   | Noticed a royal mummy
 56681 | Tomb:1   | Killed a royal mummy
 56684 | Tomb:1   | Noticed a royal mummy
 56691 | Tomb:1   | Killed a royal mummy
 56698 | Tomb:1   | HP: 5/190 [royal mummy/divine providence (9)]
 56703 | Tomb:1   | Killed a royal mummy
 56743 | Tomb:1   | Noticed a royal mummy
 56764 | Tomb:1   | Killed a royal mummy
 56822 | Tomb:1   | Noticed a royal mummy
 56829 | Tomb:1   | Killed a royal mummy
 56889 | Tomb:1   | Noticed a royal mummy
 56891 | Tomb:1   | Noticed a royal mummy
 56914 | Tomb:1   | Killed a royal mummy
 56940 | Tomb:1   | Killed a royal mummy
 57006 | Tomb:1   | Noticed a royal mummy
 57040 | Tomb:1   | Killed a royal mummy
 57105 | Tomb:1   | Noticed a royal mummy
 57121 | Tomb:1   | Killed a royal mummy
 57314 | Tomb:2   | HP: 9/190 [jiangshi[a mummy priest] (6)]
 57314 | Tomb:2   | Slain by a mummy priest

Illustrated notes

Levels and vault maps discovered:
D:1:      matt_arrival_los_fun, layout_basic, serial_shops, shop, shop_statue,
          serial_park_tiny_2
D:2:      layout_loops_corners, serial_shops, shop,
          shapermc_ecumenical_altar_mp_ritualfount,
          minmay_fractal_squares_gapless_5
D:3:      layout_rooms
D:4:      layout_basic, cheibriados_altar_1
D:5:      layout_basic, trog_three_pillars_becter, nicolae_uskayaw_dance_hall,
          mainiacjoe_overflow_large_starburst, makhleb_altar_promises_db,
          columned_hall_lemuel, grunt_ministairs_9, nrook_campfire,
          kennysheep_generic_room_8, uniq_menkaure, uniq_ijyb
D:6:      layout_loops_ring, overflow_temple_1_default,
          minmay_temple_entry_drinking_statues, enter_ossuary_2
D:7:      minmay_the_grid_four_pointed_star [minmay_the_grid_triangle_9x9_alien,
          minmay_the_grid_triangle_9x9_sparse_checkered,
          minmay_the_grid_triangle_9x9_checkered,
          minmay_the_grid_triangle_9x9_sprig, minmay_the_grid_prize_big_room],
          layout_cave_pods, mainiacjoe_overflow_six_doors_small,
          nicolae_gozag_zags_fifth_avenue, minmay_unpleasant_kobolds
D:8:      layout_basic
D:9:      layout_gridville, mainiacjoe_overflow_concentric_impassable,
          pdpol_wu_jian_five_deadly_venoms, serial_bayou_pond_d, minmay_radiant
D:10:     minmay_angry_zag, layout_irregular_city, overflow_temple_1_default,
          grunt_lair_entry_orc_guard_hut
D:11:     layout_roguey [special_room_orc], david_orc_3, serial_shops, shop,
          nicolae_shop_overgrown_old_shop, shop, kennysheep_mini_moat,
          nicolae_shop_behind_doors
D:12:     layout_basic, lightli_bailey_entry_fortress, kennysheep_doodads,
          roderic_lattice_a
D:13:     layout_loops_corners, serial_shops, nicolae_shop_crystal, shop,
          kennysheep_mini
D:14:     layout_loops_ring, david_vaults_1, gammafunk_ghost_fury_of_okawaru,
          special_room [special_room_orc], nicolae_dithmenos_the_darkroom,
          kennysheep_another_room, uniq_jorgrun
D:15:     grunt_enter_depths_magical_seal, layout_stronghold, serial_glass,
          glass_columns_a, glass_columns_b, minivault_16, minmay_lindwurm_lava
Temple:   compressed_dpeg_circular_temple
Lair:1:   layout_long_grid
Lair:2:   layout_regular_city, elwin_shoals_entry_rocks,
          guppyfry_snake_entry_garden, nzn_sisyphean_effort
Lair:3:   layout_gridlike, small_statue_intersection
Lair:4:   regret_index_combs_of_tragedy, layout_small_grid, minivault_23,
          infiniplex_staircase_pool_2, uniq_sonja
Lair:5:   layout_cave_pods
Lair:6:   hangedman_lair_caniforms_friends, layout_gridlike,
          guppyfry_lair_end_dragon, minmay_slime_entry_eyes
Shoals:1: layout_shoals, uniq_kirke
Shoals:2: layout_shoals, nicolae_shoals_land_atoll, uniq_aizul, uniq_polyphemus
Shoals:3: layout_shoals, nicolae_shoals_circle_sea_wall
Shoals:4: shoals_end_hangedman, layout_shoals, nicolae_alphabet_shops,
          nicolae_shoals_isolated_beach, uniq_louise
Snake:1:  layout_basic, serial_shops, nicolae_shop_waterfront,
          nicolae_snake_salamander_zone
Snake:2:  layout_honeycomb, grunt_megastairs_2, serial_bayou_shore_a,
          serial_bayou_shore_b
Snake:3:  layout_onion_interference
Snake:4:  snake_pit_salamanders_mu, layout_cave_town,
          nicolae_snake_herptile_family_reunion
Orc:1:    layout_diamond_mine, serial_shops, shop, shop_statue, shop,
          basic_altar, uniq_maurice
Orc:2:    st_orc_rangers, layout_caves, basic_altar, david_defended_altar_orc,
          uniq_donald, uniq_snorg, uniq_azrael
Elf:1:    minmay_elf_arrival_circle, layout_geoelf_diagonals,
          hangedman_elf_represent, hangedman_elf_targetted_burst
Elf:2:    nicolae_elf_blades_crystal_corner, layout_onion_city, nrook_uturn,
          nrook_mini_backslash
Elf:3:    minmay_elf_hall_statues, layout_gridlike, serial_shops,
          nicolae_shop_crystal
Vaults:1: v_misc_32, vaults_dpeg_hooks, v_misc_30, v_misc_16,
          ontoclasm_vaults_eye, nicolae_vaults_theta,
          nicolae_vaults_mini_display_case, v_misc_26,
          nicolae_vaults_three_branches, layout_vaults_omnigrid
Vaults:2: hangedman_vaults_nails, nicolae_vaults_asterisk,
          vaults_room_grunt_arrival_checkpoint,
          nicolae_vaults_twisting_passages, nicolae_vaults_specimen_jars,
          v_misc_13, dpeg_vaults_monster_box, nicolae_vaults_little_squares_4,
          vaults_room_pool, ontoclasm_vaults_loading_screen,
          grunt_vaults_hallway_short, v_pattern_1,
          hangedman_vaults_stretched_pinwheel, vaults_dpeg_diagonal,
          layout_vaults_omnibox, serial_shops, shop, nicolae_shop_statue_plus,
          nicolae_diamond_shop, nicolae_shop_temple_entry_statues_fountains,
          nicolae_shop_trees, uniq_mara, uniq_mennas
Vaults:3: nicolae_vaults_quartermaster, vaults_room_door_hall,
          nicolae_vaults_network_square, v_rooms_1, vaults_dpeg_spiral,
          v_rooms_2, ontoclasm_vaults_misaligned, v_alt_pattern_3,
          vaults_dpeg_cross, v_misc_17, v_misc_18,
          hangedman_vaults_corner_blocks, minmay_crypt_entry_simple_box,
          nicolae_vaults_diagonal_hallway_6, layout_vaults_ring
Vaults:4: grunt_vaults_swirl, hangedman_vaults_corner_blocks,
          hangedman_vaults_cutoff, st_eye, serial_ice_g,
          vaults_mumra_minichess_inversion, ontoclasm_vaults_bender,
          hangedman_vaults_snaps, v_misc_8, nicolae_vaults_rhombus_6, v_misc_25,
          nicolae_vaults_little_ls, layout_vaults_omnicross
Crypt:1:  layout_catacombs, grunt_crypt_arrival_split
Crypt:2:  layout_basic, gammafunk_ghost_grave, minivault_27,
          minmay_guarded_unrand_curses, uniq_khufu
Crypt:3:  evilmike_haunted_forest
Tomb:1
Tomb:2

Skill      XL: |  1  2  3  4  5  6  7  8  9 10 11 12 13 14 15 16 17 18 19 20 21 22 23 24 25 26 27 |
---------------+----------------------------------------------------------------------------------+-----
Conjurations   | 4 5 6 |  6.0
Spellcasting   | 3 4 7 8 11 12 | 12.0
Fighting       | 4 5 6 8 10 | 10.0
Armour         | 4 5 6 9 10 | 10.0
Poison Magic   | 1 5 |  5.0
Air Magic      | 3 5 |  5.0
Necromancy     | 3 8 9 10 11 12 14 17 19 20 | 20.0
Shields        | 1 3 5 12 15 | 15.0
Dodging        | 2 3 4 6 7 |  7.0
Earth Magic    | 9 11 12 16 19 20 | 20.0
Fire Magic     | 4 5 6 |  6.0
Evocations     | 1 5 7 10 | 10.0
Polearms       | 2 12 14 | 14.0
Stealth        | 8 11 14 16 | 16.5
Ice Magic      | 6 10 12 | 12.7
Transmutations | 4 7 10 13 17 | 17.0
Long Blades    | 5 10 14 | 14.0

Action                   |  1- 3 |  4- 6 |  7- 9 | 10-12 | 13-15 | 16-18 | 19-21 | 22-24 | 25-27 || total
-------------------------+-------+-------+-------+-------+-------+-------+-------+-------+-------++-------
Melee: Spear             |    16 |       |       |       |       |       |       |       |       ||    16
       Whip              |       |       |   108 |     8 |       |       |       |       |       ||   116
       Scimitar          |       |       |       |   171 |   320 |       |       |       |       ||   491
       War axe           |       |       |       |       |   160 |   717 |   315 |       |       ||  1192
       Battleaxe         |       |       |       |       |       |       |   263 |       |       ||   263
       Demon trident     |       |       |       |       |       |       |   129 |   991 |   149 ||  1269
       Demon blade       |       |       |       |       |       |       |       |       |   735 ||   735
 Fire: Hunting sling     |     8 |    52 |    30 |    19 |       |       |       |     1 |     9 ||   119
       Shortbow          |       |       |       |     8 |    17 |    24 |   153 |       |       ||   202
 Cast: Magic Dart        |    11 |    12 |     8 |     7 |       |       |       |       |       ||    38
       Searing Ray       |    11 |    19 |    52 |    42 |     7 |     1 |    10 |       |       ||   142
       Vampiric Draining |       |       |     4 |    25 |     9 |     2 |       |       |       ||    40
       Mephitic Cloud    |       |       |       |    17 |     5 |       |    16 |       |     2 ||    40
       Sublimation of Bl |       |       |       |     9 |    54 |    55 |   141 |    68 |    90 ||   417
       Borgnjor's Vile C |       |       |       |    44 |   157 |   257 |   440 |   305 |   311 ||  1514
       Dispel Undead     |       |       |       |    10 |    14 |       |     3 |       |   119 ||   146
       Ozocubu's Armour  |       |       |       |       |       |       |       |     5 |    14 ||    19
       Necromutation     |       |       |       |       |       |       |       |       |    26 ||    26
Invok: Receive Forbidden |       |       |       |     1 |       |       |       |       |       ||     1
       Renounce Religion |       |       |       |     1 |       |       |       |       |       ||     1
       Potion Petition   |       |       |       |       |       |       |       |       |     5 ||     5
 Abil: Dig               |       |     2 |    15 |    36 |    66 |    35 |    49 |     4 |     6 ||   213
       Shaft Self        |       |       |       |       |     1 |       |       |       |       ||     1
       End Transformatio |       |       |       |       |       |       |       |       |    10 ||    10
Evoke: Condenser vane    |       |       |       |     1 |       |       |     1 |       |     3 ||     5
       Box of beasts     |       |       |       |       |       |       |       |       |     2 ||     2
       Phantom mirror    |       |       |       |       |       |       |       |       |     2 ||     2
  Use: Scroll            |       |       |     4 |    16 |     2 |     7 |     9 |     3 |     6 ||    47
       Potion            |       |       |       |     1 |     3 |       |     5 |       |       ||     9
 Stab: Sleeping          |       |       |       |     1 |       |     2 |     3 |     6 |     2 ||    14
       Confused          |       |       |       |     5 |     3 |       |     3 |       |       ||    11
       Distracted        |       |       |       |       |     3 |     4 |     8 |    17 |     4 ||    36
Armor: Robe              |     4 |     4 |     7 |       |       |       |       |       |       ||    15
       Ring mail         |       |       |    58 |    59 |       |       |       |       |       ||   117
       Troll leather arm |       |       |       |    31 |   140 |   227 |   266 |    94 |   326 ||  1084
Dodge: Dodged            |    12 |    10 |    96 |   217 |   327 |   608 |   667 |   257 |   577 ||  2771
       Repelled          |       |       |       |       |       |       |       |     8 |     3 ||    11
Block: Buckler           |       |       |       |    76 |     1 |       |       |       |       ||    77
       Tower shield      |       |       |       |       |   669 |  1068 |  1110 |   677 |  1133 ||  4657
       Rpst.: Scimitar   |       |       |       |    49 |    47 |       |       |       |       ||    96
       Demon blade       |       |       |       |       |       |       |       |       |   143 ||   143
